 Dungeon Crawl Stone Soup version 0.18.1-8-gdd0e5ea (webtiles) character file.

293 M4edhros the Covert (level 6, -13/38 HPs)
             Began as an Octopode Artificer on June 8, 2016.
             Killed from afar by Typee's ghost (26 damage)
             ... with a spray of energy
             ... on level 5 of the Dungeon.
             The game lasted 00:01:55 (2532 turns).

M4edhros the Covert (Octopode Artificer)            Turns: 2532, Time: 00:01:56

Health: -13/38     AC:  1    Str: 10    XL:     6   Next: 33%
Magic:  8/8        EV: 12    Int: 14    God:
Gold:   90         SH:  0    Dex: 15    Spells: 0 memorised, 5 levels left

rFire  . . .     SeeInvis .     a - +0 short sword
rCold  . . .     Gourm    .     (no shield)
rNeg   . . .     Faith    .     (helmet restricted)
rPois  .         Spirit   .     q - amulet of rage
rElec  .         Dismiss  .     (no ring)
rCorr  .         Reflect  .     (no ring)
SustAt .         Harm     .     (no ring)
MR     .....                    (no ring)
Stlth  ++++++....               (no ring)
                                (no ring)
                                (no ring)
                                (no ring)

@: not resistant to hostile enchantments, very stealthy
A: almost no armour, amphibious, 8 rings, constrict 8, camouflage 1, gelatinous
body 1
a: Evoke Berserk Rage


You were on level 5 of the Dungeon.
You were near starving.

You visited 1 branch of the dungeon, and saw 5 of its levels.

You collected 90 gold pieces.

Inventory:

Hand Weapons
 a - a +0 short sword (weapon)
Missiles
 j - 33 sling bullets
Jewellery
 q - an amulet of rage (around mantle)
Wands
 b - a wand of flame (8/48)
 c - a wand of enslavement (12/24)
 d - a wand of random effects (13/48)
Scrolls
 i - a scroll of remove curse {unknown}
 o - 2 scrolls of enchant weapon {unknown}
 p - 2 scrolls of identify {unknown}
 r - a scroll of teleportation {unknown}
 w - a scroll of fog {unknown}
Potions
 e - a potion of resistance {unknown}
 h - 2 potions of lignification {unknown}
 k - a potion of might {unknown}
 l - a potion of heal wounds {unknown}
 m - a potion of agility {unknown}
 n - a potion of invisibility {unknown}
 s - a potion of magic {unknown}
 u - a potion of curing {unknown}
Comestibles
 f - a bread ration
 g - 4 fruits
 t - 2 meat rations
 v - a royal jelly


   Skills:
 - Level 1.0 Fighting
 - Level 1.0 Short Blades
 - Level 2.0 Dodging
 + Level 8.9 Stealth
 - Level 3.2 Evocations


You had 5 spell levels left.
You didn't know any spells.

Dungeon Overview and Level Annotations

Branches:
Dungeon (5/15)
 Temple: D:4-7

Altars:

Annotations:
D:5 Typee's ghost, novice OpCj


Innate Abilities, Weirdness & Mutations

You cannot wear most types of armour.
You are amphibious.
You can wear up to eight rings at the same time.
You can use your tentacles to constrict eight enemies at once.
Your skin changes colour to match your surroundings (Stealth).
Your rubbery body absorbs attacks (AC +1).


Message History

Typee's ghost casts a spell at you. The orb of energy hits you!
Ouch! That really hurt!
The orb of energy explodes!
You hear a bark!
Evoke which item? (* to show all) (? for menu, Esc to quit)
Zapping:
c - a wand of enslavement (13/24)
Press: ? - help, Shift-Dir - straight line, f - Typee's ghost
Aim: Typee's ghost, wielding a weapon of freezing (chance to defeat MR: 25%)
The iguana resists with significant effort.
This wand has 12 charges left.
Evoke which item? (* to show all) (? for menu, Esc to quit)
Zapping:
c - a wand of enslavement (12/24)
Press: ? - help, Shift-Dir - straight line, f - Typee's ghost
Aim: Typee's ghost, wielding a weapon of freezing (chance to defeat MR: 25%)
Okay, then.
Typee's ghost casts a spell at you. The spray of energy hits you!
Ouch! That really hurt!
You die...

##### #...
################.#########
......................!...
############.$.$..#.......
+......#.......
#....@.......%.
#......Wl......
#..............
#.......#'##...
#..........+ ..
........##.## . ..........
.. ......)..## ##
........#


You could see an iguana and Typee's ghost.

Vanquished Creatures
  Menkaure (D:4)
  An orc wizard (D:4)
  Jessica (D:3)
  A worker ant (D:4)
  A hound zombie (D:5)
  A worker ant zombie (D:5)
  An adder (D:2)
  An ooze (D:1)
  A worm (D:4)
  3 giant geckos
  8 orcs (D:4)
  4 goblins
  3 hobgoblins (D:1)
  2 jackals (D:1)
  4 kobolds
  2 quokkas
  A bat (D:1)
  4 giant newts
  2 rats
42 creatures vanquished.

Notes
Turn   | Place    | Note
--------------------------------------------------------------
     0 | D:1      | M4edhros the Octopode Artificer began the quest for the Orb.
     0 | D:1      | Reached XP level 1. HP: 13/13 MP: 3/3
    42 | D:1      | Reached skill level 2 in Stealth
   291 | D:1      | Reached skill level 3 in Stealth
   291 | D:1      | Reached XP level 2. HP: 18/18 MP: 4/4
   565 | D:2      | Reached skill level 4 in Stealth
   685 | D:2      | Reached XP level 3. HP: 23/23 MP: 5/5
   733 | D:3      | Noticed Jessica
   744 | D:3      | Killed Jessica
   744 | D:3      | Reached skill level 5 in Stealth
   744 | D:3      | Reached XP level 4. HP: 19/28 MP: 6/6
   923 | D:4      | Noticed Menkaure
   930 | D:4      | Killed Menkaure
   930 | D:4      | Reached skill level 7 in Stealth
   930 | D:4      | Reached XP level 5. HP: 15/33 MP: 7/7
  1198 | D:4      | Reached skill level 8 in Stealth
  1203 | D:4      | Reached XP level 6. HP: 11/38 MP: 8/8
  2408 | D:5      | Entered Level 5 of the Dungeon
  2526 | D:5      | Noticed Typee's ghost (novice OpCj)
  2532 | D:5      | Killed from afar by Typee's ghost

Skill      XL: |  1  2  3  4  5 |
---------------+----------------+-----
Stealth        | 3 4 5 7 8 |  8.9
Fighting       | |  1.0
Short Blades   | |  1.0
Dodging        | |  2.0
Evocations     | |  3.2

Action                   |  1- 3 |  4- 6 || total
-------------------------+-------+-------++-------
Melee: Short sword       |    46 |    39 ||    85
       Tentacles         |     5 |    11 ||    16
       Constrict         |     8 |     9 ||    17
Evoke: Wand              |     1 |    11 ||    12
 Stab: Sleeping          |     9 |     4 ||    13
       Paralysed         |       |     1 ||     1
  Eat: Chunk             |       |     3 ||     3
Armor: Skin              |     4 |       ||     4
Dodge: Dodged            |    28 |    16 ||    44
